 Dungeon Crawl Stone Soup version 0.29-a0-1043-g569b05d6ff (webtiles) character file.

Game seed: 10389201082822474481

8 ytrimaz the Insei (level 2, 18/21 HPs)
             Began as a Demonspawn Transmuter on Aug 15, 2022.
             Quit the game on level 1 of the Dungeon.
             The game lasted 00:00:25 (378 turns).

ytrimaz the Insei (Demonspawn Transmuter)            Turns: 378, Time: 00:00:26

Health: 18/21      AC:  2    Str: 10    XL:     2   Next: 0%
Magic:  5/5        EV: 12    Int: 14    God:
Gold:   25         SH:  0    Dex: 13    Spells: 4/5 levels left

rFire   . . .      SeeInvis .     - Unarmed
rCold   . . .      Faith    .   (no shield)
rNeg    . . .      Spirit   .   a - +0 robe
rPois   .          Reflect  .   (no helmet)
rElec   .          Harm     .   (no cloak)
rCorr   .          Rampage  .   (no gloves)
Will    .....                   (no boots)
Stlth   +.........              (no amulet)
HPRegen 0.07/turn               (no ring)
MPRegen 0.09/turn               (no ring)

@: no status effects
A: foul stench 1
a: no special abilities


You were on level 1 of the Dungeon.
You visited 1 branch of the dungeon, and saw 1 of its levels.

You collected 25 gold pieces.

Inventory:

Armour
 a - a +0 robe (worn)
Scrolls
 d - a scroll of butterflies {unknown}
Potions
 b - a potion of lignification
 c - a potion of heal wounds {unknown}


   Skills:
 - Level 1.0 Fighting
 - Level 1.7 Dodging
 + Level 3.0 Unarmed Combat
 * Level 2.2 Spellcasting
 * Level 1.9 Transmutations


You had 4 spell levels left.
You knew the following spells:

 Your Spells              Type           Power      Damage    Failure   Level
a - Beastly Appendage     Tmut           14%        N/A       11%         1

Your spell library contained the following spells:

 Spells                   Type           Power      Damage    Failure   Level
 Wereblood                Tmut           7%         N/A       16%         2
 Spider Form              Tmut/Pois      4%         N/A       43%         3
 Ice Form                 Ice/Tmut       4%         N/A       83%         4


Dungeon Overview and Level Annotations

Branches:
Dungeon (1/15)

Altars:


Innate Abilities, Weirdness & Mutations

You may rarely emit foul miasma when damaged in melee.


Message History

Your horns disappear.
Your talons disappear.
You see here a giant cockroach corpse.
Key pressed, stopping explore.
There is a stone staircase leading down here.
Found a sling.
A rat comes into view.
A rat is nearby!
A rat is nearby!
A rat is nearby!
The rat closely misses you.
You hit the rat but do no damage. The rat bites you.
You miscast Beastly Appendage.
You are very lightly contaminated with residual magic.
Nothing appears to happen.
The rat barely misses you.
You hit the rat.
You kill the rat!
Your Unarmed Combat skill increases to level 3!
You have reached level 2!
Your demonic ancestry asserts itself...
You begin to emit a foul stench of rot and decay.
Your magical contamination has completely faded away.
You now have 25 gold pieces (gained 4).
A quokka comes into view.
A quokka is nearby!
A quokka is nearby!
A quokka is nearby!
You closely miss the quokka. The quokka bites you.
You closely miss the quokka.
The quokka bites you but does no damage.
The quokka closely misses you.
You hit the quokka.
The quokka is severely wounded.
The quokka bites you but does no damage.
You closely miss the quokka.
The quokka is severely wounded.
The quokka misses you.
You barely miss the quokka.
The quokka is severely wounded.
The quokka closely misses you.
Are you sure you want to abandon this character and quit the game? (Confirm with "yes".)

#.........)# #
#..........# #
##........## ### #
##........## #.# #
#..........# #.# #
#..........# ####.# #
#..........# #....# ##
#.........>###(##.###.
#....@.....#...##.##..
##...r....#........#.#
.....................#.#
#####...###..........#.#
##... ##.........#.#
...(....).......#.#
#.#.####........... #.
................
...............


You could see a quokka.

Vanquished Creatures
  A dart slug (D:1)
  An endoplasm (D:1)
  2 giant cockroaches (D:1)
  A ball python (D:1)
  A rat (D:1)
6 creatures vanquished.

Notes
Turn   | Place    | Note
-------+----------+-------------------------------------------
     0 | D:1      | ytrimaz the Demonspawn Transmuter began the quest for the
                  | Orb.
     0 | D:1      | Reached XP level 1. HP: 15/15 MP: 3/3
   340 | D:1      | Reached skill level 3 in Unarmed Combat
   340 | D:1      | Gained mutation: You may rarely emit foul miasma when
                  | damaged in melee. [demonic ancestry]
   340 | D:1      | Reached XP level 2. HP: 20/21 MP: 3/5
   378 | D:1      | Quit the game

Illustrated notes

Levels and vault maps discovered:
D:1:      tarquinn_simple_flora_water_d, layout_rooms

Skill      XL: |  1 |
---------------+----+-----
Unarmed Combat | 3 |  3.0
Fighting       | |  1.0
Dodging        | |  1.7
Spellcasting   | |  2.2
Transmutations | |  1.9

Action                   || total
-------------------------++-------
Melee: Unarmed           ||    20
       Kick              ||     1
       Headbutt          ||     1
 Cast: Beastly Appendage ||     3
Armor: Robe              ||     6
Dodge: Dodged            ||    15

Table legend: (Time is in decaauts)
 A = Elapsed time spent in this place.
 B = Non-inter-level travel time spent in this place.
 C = Inter-level travel time spent in this place.
 D = Time resting spent in this place.
 E = Time spent auto-exploring this place.
 F = Levels seen in this place.
 G = Mean time per level.
                   A        B        C        D        E       F      G
               +--------+--------+--------+--------+--------+-----+--------+
         Total |    377 |    377 |      0 |      0 |    317 |   1 |  377.0 |
       Dungeon |    377 |    377 |      0 |      0 |    317 |   1 |  377.0 |
               +--------+--------+--------+--------+--------+-----+--------+

Top non-repeatable levels by time:
     D:1: 377 daAuts
